 Dungeon Crawl Stone Soup version 0.24.0-13-gcf9b319 (webtiles) character file.

Game seed: 6831178884240269946, levelgen mode: deterministic

6925 EternalSandwich the Carver (level 10, -1/67 HPs)
             Began as a Demonspawn Gladiator on Nov 17, 2019.
             Was a High Priest of Okawaru.
             Slain by a cyclops (16 damage)
             ... on level 10 of the Dungeon.
             The game lasted 00:27:43 (9524 turns).

EternalSandwich the Carver (Demonspawn Gladiator)   Turns: 9524, Time: 00:27:43

Health: -1/67      AC: 12    Str: 18    XL:     10   Next: 80%
Magic:  0/10       EV: 17    Int: 11    God:    Okawaru [*****.]
Gold:   527        SH:  5    Dex: 14    Spells: 9/9 levels left

rFire    . . .     SeeInvis .   d - +7 falchion of Ojiohour {flame, *Contam rPois Str+3 Int+2}
rCold    . . .     Gourm    .   F - +0 buckler
rNeg     . . .     Faith    +   C - +0 ring mail "Paelaudi" {rElec MR++ Dex-4} (curse)
rPois    +         Spirit   +   (helmet restricted)
rElec    +         Reflect  .   (no cloak)
rCorr    .         Harm     .   o - +0 pair of gloves
MR       +++..                  (no boots)
Stlth    ++........             T - amulet of faith
HPRegen  0.21/turn              c - ring of protection from magic
MPRegen  0.12/turn              r - +2 ring of protection

@: heroism
A: antennae 2, thin metallic scales 2, augmentation 1, magic shield
a: Heroism, Finesse, Renounce Religion


You were on level 10 of the Dungeon.
You worshipped Okawaru.
Okawaru was extremely pleased with you.
You were hungry.

You visited 2 branches of the dungeon, and saw 11 of its levels.

You collected 727 gold pieces.
You spent 200 gold pieces at shops.

Inventory:

Hand Weapons
 a - a +0 long sword
 d - the +7 falchion of Ojiohour (weapon) {flame, *Contam rPois Str+3 Int+2}
   (You bought it in a shop on level 6 of the Dungeon)

   It has been specially enchanted to burn those struck by it, causing extra
   injury to most foes and up to half again as much damage against particularly
   susceptible opponents.
   Big, fiery blades are also staple armaments of hydra-hunters.
   It affects your strength (+3).
   It affects your intelligence (+2).
   It protects you from poison.
   It causes magical contamination when unequipped.
Missiles
 q - 4 curare-tipped darts (quivered)
 t - 11 boomerangs
 z - 11 atropa-tipped darts
 B - 25 poisoned darts
Armour
 h - a +0 ring mail
 o - a +0 pair of gloves (worn)
 C - the cursed +0 ring mail "Paelaudi" (worn) {rElec MR++ Dex-4}
   (You found it on level 5 of the Dungeon)

   It affects your dexterity (-4).
   It insulates you from electricity.
   It affects your resistance to hostile enchantments.
   It has a curse placed upon it.
 F - a +0 buckler (worn)
 P - the +1 leather armour of Hop Gineqat {Str+3}
   (You found it on level 8 of the Dungeon)

   It affects your strength (+3).
Jewellery
 c - a ring of protection from magic (left hand)
 r - a +2 ring of protection (right hand)
 s - an uncursed ring of resist corrosion
 K - an uncursed ring of ice
 T - an amulet of faith (around neck)
Wands
 u - a wand of acid (8)
 D - a wand of polymorph (9)
 G - a wand of flame (16)
 Q - a wand of disintegration (11)
 S - a wand of iceblast (7)
 U - a wand of clouds (5)
 W - a wand of random effects (13)
Scrolls
 e - 2 scrolls of enchant armour {unknown}
 g - 5 scrolls of enchant weapon {unknown}
 i - 11 scrolls of identify
 j - 8 scrolls of teleportation
 k - 6 scrolls of remove curse
 m - 2 scrolls of magic mapping {unknown}
 v - 3 scrolls of fear {unknown}
 x - 3 scrolls of immolation {unknown}
 y - a scroll of random uselessness {unknown}
 H - a scroll of silence {unknown}
 I - a scroll of torment {unknown}
 L - a scroll of amnesia {unknown}
 O - a scroll of fog {unknown}
 R - a scroll of blinking {unknown}
Potions
 b - 4 potions of might {unknown}
 l - 4 potions of heal wounds
 n - 2 potions of degeneration {unknown}
 p - 4 potions of curing {unknown}
 w - 2 potions of cancellation {unknown}
 A - 2 potions of lignification {unknown}
 E - 3 potions of mutation {unknown}
 M - a potion of resistance {unknown}
 N - a potion of agility
 V - a potion of berserk rage {unknown}
Comestibles
 f - 19 rations


   Skills:
 - Level 2.0(7.0) Fighting
 - Level 14.3(19.3) Long Blades
 - Level 1.7(6.7) Throwing
 + Level 4.8(9.8) Dodging


You had 9 spell levels left.
You didn't know any spells.
Your spell library contained the following spells:

 Spells                   Type           Power        Failure   Level  Hunger
 Corona                   Hex            #......      52%         1    ##.....
 Summon Butterflies       Summ           #.......     52%         1    ##.....
 Ensorcelled Hibernation  Hex/Ice        #.....       65%         2    ###....
 Poisonous Vapours        Pois/Air       #.....       65%         2    ###....
 Call Canine Familiar     Summ           #.......     87%         3    ####...
 Confuse                  Hex            #.......     87%         3    ####...
 Conjure Flame            Conj/Fire      #.......     87%         3    ####...
 Dazzling Spray           Conj/Hex       #.....       87%         3    ####...
 Mephitic Cloud           Conj/Pois/Air  #.......     87%         3    ####...
 Tukima's Dance           Hex            #.......     87%         3    ####...
 Summon Ice Beast         Ice/Summ       #.......     99%         4    #####..
 Summon Mana Viper        Hex/Summ       #.......     100%        5    ######.
 Freezing Cloud           Conj/Ice/Air   #.........   100%        6    #######
 Ring of Flames           Chrm/Fire      #.........   100%        7    #######
 Summon Hydra             Summ           #.........   100%        7    #######


Dungeon Overview and Level Annotations

Branches:
Dungeon (10/15)            Temple (1/1) D:5             Orc (0/2) D:9
   Lair: D:8-11

Altars:
Ashenzari
Cheibriados
Dithmenos
Elyvilon
Fedhas
Gozag
Hepliaklqana
Kikubaaqudgha
Makhleb
Nemelex Xobeh
Okawaru
Qazlal
Ru
Sif Muna
Trog
Uskayaw
Vehumet
Wu Jian
Xom
Yredelemnul
Zin
The Shining One

Shops:
D:6 (   D:9 =


Innate Abilities, Weirdness & Mutations

You have a pair of antennae on your head.
You are mostly covered in thin metallic scales. (AC +3)
Your magical and physical power is slightly enhanced at high health.
When hurt, damage is shared between your health and your magic reserves.


Message History

You hit the cyclops but do no damage. You slash the cyclops!
You burn the cyclops.
The cyclops is moderately wounded.
The cyclops hits you!!
You hit the cyclops. You burn the cyclops.
The cyclops is moderately wounded.
You hit the cyclops. You burn the cyclops.
The cyclops is heavily wounded.
You block the cyclops's attack.
You hit the cyclops. You burn the cyclops.
The cyclops is severely wounded.
You hit the cyclops. You burn the cyclops.
The cyclops is severely wounded.
The cyclops hits you!!
* * * LOW HITPOINT WARNING * * *
You gain the combat prowess of a mighty hero.
You slash the cyclops! You burn the cyclops.
The cyclops is almost dead.
The cyclops hits you!
You die...

#.......................
#.................$.....
#.....#'###.............
####..#...#....(........
#..#...#.............
#..'...#.............
##..#...#....#####....
#...#...#..C.#...# ...
#...#####...@(...# C.
#....).......#...# .
#..#########.##### #..#
#.. #..# ### #..# #..#
#..# #.##


You could see a cyclops.

Vanquished Creatures
  Harold (D:7)
  2 two-headed ogres
  Pikel (D:5)
  A cyclops (D:6)
  Grinder (D:6)
  Sigmund (D:2)
  A hungry ghost (D:9)
  Duvessa (D:7)
  An orc warrior (D:9)
  2 ice beasts
  A sky beast (D:5)
  2 phantoms
  9 ogres
  4 centaurs
  A big kobold (D:9)
  Blork the orc (D:6)
  5 bullfrogs
  Dowan (D:7)
  3 scorpions
  2 howler monkeys
  2 vampire bats (D:4)
  5 crimson imps
  2 jellies
  6 hounds
  2 orc priests
  A centaur skeleton (D:9)
  6 orc wizards
  A bullfrog skeleton (D:6)
  3 iguanas
  3 worker ants
  A howler monkey zombie (D:8)
  A worker ant zombie (D:8)
  7 gnolls
  7 adders
  4 shadow imps
  An ooze (D:4)
  4 adder skeletons
  A worm (D:4)
  2 dart slugs
  3 leopard geckos
  26 orcs
  3 bat skeletons (D:4)
  3 bat zombies (D:4)
  12 giant cockroaches
  8 goblins
  8 hobgoblins
  8 jackals
  15 kobolds
  4 quokkas
  6 bats
  2 frilled lizards
  9 rats
207 creatures vanquished.

Notes
Turn   | Place    | Note
-------+----------+-------------------------------------------
     0 | D:1      | EternalSandwich the Demonspawn Gladiator began the quest
                  | for the Orb.
     0 | D:1      | Reached XP level 1. HP: 16/16 MP: 1/1
    62 | D:1      | Reached skill level 3 in Long Blades
   106 | D:1      | Gained mutation: You are partially covered in thin metallic
                  | scales. (AC +2) [demonic ancestry]
   106 | D:1      | Reached XP level 2. HP: 13/22 MP: 2/2
   638 | D:1      | Gained mutation: When hurt, damage is shared between your
                  | health and your magic reserves. [demonic ancestry]
   638 | D:1      | Reached XP level 3. HP: 26/27 MP: 3/3
   727 | D:2      | Reached skill level 4 in Long Blades
   754 | D:2      | Noticed Sigmund
   774 | D:2      | Killed Sigmund
   774 | D:2      | Reached skill level 5 in Long Blades
   774 | D:2      | Gained mutation: You have a pair of small antennae on your
                  | head. [demonic ancestry]
   774 | D:2      | Reached XP level 4. HP: 4/33 MP: 0/4
   774 | D:2      | Gained mutation: You are mostly covered in thin metallic
                  | scales. (AC +3) [demonic ancestry]
   774 | D:2      | Reached XP level 5. HP: 5/38 MP: 0/5
  1175 | D:2      | Reached skill level 6 in Long Blades
  1309 | D:2      | Noticed an ogre
  1320 | D:2      | Killed an ogre
  1320 | D:2      | Gained mutation: You have a pair of antennae on your head.
                  | [demonic ancestry]
  1320 | D:2      | Reached XP level 6. HP: 44/44 MP: 6/6
  1635 | D:3      | Found an opulent altar of Gozag.
  1696 | D:3      | Reached skill level 7 in Long Blades
  2161 | D:3      | Found a burning altar of Makhleb.
  2252 | D:3      | Found a sparkling altar of Nemelex Xobeh.
  2368 | D:4      | Reached XP level 7. HP: 35/50 MP: 5/7
  2878 | D:4      | Found an ancient bone altar of Kikubaaqudgha.
  2888 | D:4      | Reached skill level 8 in Long Blades
  3470 | D:5      | Entered Level 5 of the Dungeon
  3662 | D:5      | Got a bronze ring mail
  3690 | D:5      | Identified the cursed +0 ring mail "Paelaudi" {rElec MR++
                  | Dex-4} (You found it on level 5 of the Dungeon)
  3735 | D:5      | Reached skill level 9 in Long Blades
  3735 | D:5      | Reached XP level 8. HP: 56/56 MP: 8/8
  4236 | D:5      | Found a staircase to the Ecumenical Temple.
  4245 | Temple   | Entered the Ecumenical Temple
  4336 | Temple   | Became a worshipper of Warmaster Okawaru
  4390 | D:5      | Noticed Pikel
  4405 | D:5      | Killed Pikel
  4405 | D:5      | Reached skill level 10 in Long Blades
  4635 | D:5      | Found a basalt altar of Yredelemnul.
  4844 | D:6      | Found a glowing golden altar of the Shining One.
  4901 | D:6      | Noticed Grinder
  4905 | D:6      | Found a blossoming altar of Fedhas.
  4921 | D:5      | Reached * piety under Okawaru
  5222 | D:6      | Noticed Blork the orc
  5256 | D:6      | Killed Blork the orc
  5439 | D:6      | Found a sparkling altar of Nemelex Xobeh.
  5648 | D:6      | Reached skill level 11 in Long Blades
  5648 | D:6      | Reached XP level 9. HP: 28/61 MP: 3/9
  5700 | D:6      | Noticed a cyclops
  5786 | D:6      | Killed Grinder
  5805 | D:6      | HP: 3/61 [ogre/+0 giant club (18)]
  6544 | D:6      | Found Ipehiona's Antique Weapon Boutique.
  6565 | D:6      | Bought a brightly glowing falchion for 200 gold pieces
  6565 | D:6      | Identified the +7 falchion of Ojiohour {flame, *Contam
                  | rPois Str+3 Int+2} (You bought it in a shop on level 6 of
                  | the Dungeon)
  6597 | D:6      | Killed a cyclops
  6597 | D:6      | Reached ** piety under Okawaru
  6597 | D:6      | Reached skill level 12 in Long Blades
  7076 | D:7      | Noticed Duvessa
  7076 | D:7      | Noticed Dowan
  7091 | D:7      | Killed Duvessa
  7094 | D:7      | Killed Dowan
  7302 | D:7      | Found an ornate altar of the Wu Jian Council.
  7302 | D:7      | Found a white marble altar of Elyvilon.
  7471 | D:7      | Found a white marble altar of Elyvilon.
  7480 | D:7      | Noticed Harold
  7536 | D:7      | Found a shimmering blue altar of Sif Muna.
  7618 | D:7      | Killed Harold
  7618 | D:7      | Reached *** piety under Okawaru
  7618 | D:7      | Reached skill level 13 in Long Blades
  7618 | D:7      | Gained mutation: Your magical and physical power is
                  | slightly enhanced at high health. [demonic ancestry]
  7618 | D:7      | Reached XP level 10. HP: 38/67 MP: 3/10
  7806 | D:8      | Reached **** piety under Okawaru
  7883 | D:8      | Got a heavily runed leather armour
  7896 | D:8      | Found a stormy altar of Qazlal.
  8000 | D:8      | Noticed a +0 dagger
  8000 | D:8      | Noticed a +0 dagger
  8001 | D:8      | Found a hide-covered altar of Uskayaw.
  8451 | D:9      | Found Ucvy's Jewellery Shop.
  8727 | D:9      | Found a staircase to the Orcish Mines.
  9049 | D:9      | Identified the +1 leather armour of Hop Gineqat {Str+3}
                  | (You found it on level 8 of the Dungeon)
  9057 | D:9      | Noticed a two-headed ogre
  9070 | D:9      | Killed a two-headed ogre
  9070 | D:9      | Reached skill level 14 in Long Blades
  9111 | D:10     | Entered Level 10 of the Dungeon
  9117 | D:10     | Noticed a two-headed ogre
  9134 | D:10     | Killed a two-headed ogre
  9134 | D:10     | Reached ***** piety under Okawaru
  9498 | D:10     | Noticed a cyclops
  9524 | D:10     | Slain by a cyclops

Levels and vault maps discovered:
D:1:      wander_arrival_estate, layout_basic
D:2:      layout_rooms, serial_park_tiny_2, lemuel_another_geyser, uniq_sigmund
D:3:      layout_loops_ring, nicolae_gozag_seed_capital, lemuel_round_altar,
          nemelex_lonely_heart_becter
D:4:      layout_loops_corners, kennysheep_vampire_church, first_ration,
          chequers_serial_rivers_marsh
D:5:      layout_basic, old_standard_altar, minmay_temple_entry_overgrown,
          minmay_misc_feat_plants, serial_bayou_pond_a, uniq_pikel
D:6:      minmay_chambers_of_sixes, layout_cave_pods, tso_metal_star,
          nemelex_xobeh_ov_fountains_minmay, basic_altar, serial_shops,
          nicolae_shop_temple_entry_statues_fountains, uniq_blork_the_orc,
          uniq_grinder
D:7:      layout_basic, tgw_sif, gammafunk_temple_overflow_wave,
          grunt_ogre_cave, kennysheep_small_circle, uniq_harold, uniq_duvessa
D:8:      layout_loops_ring, dancing_weapons_uskayaw,
          nicolae_overflow_hidden_temple
D:9:      layout_gridville, erik_orc_3, serial_shops, shop
D:10:     layout_irregular_city, serial_shops, kennysheep_mini_moat
Temple:   bh_familiar_temple

Skill      XL: |  1  2  3  4  5  6  7  8  9 10 |
---------------+-------------------------------+-----
Long Blades    | 3 5 6 7 9 11 13 14 | 14.3
Dodging        | 4 |  4.8
Fighting       | |  2.0
Throwing       | |  1.7

Action                   |  1- 3 |  4- 6 |  7- 9 | 10-12 || total
-------------------------+-------+-------+-------+-------++-------
Melee: Long sword        |   106 |   132 |   370 |       ||   608
       Falchion          |       |       |    68 |   149 ||   217
Throw: Throwing net      |       |     1 |     2 |     1 ||     4
       Dart              |       |       |    23 |     4 ||    27
       Boomerang         |       |       |    17 |     7 ||    24
Invok: Heroism           |       |       |     1 |     1 ||     2
Evoke: Wand              |       |       |     3 |       ||     3
  Use: Potion            |       |       |     1 |       ||     1
       Scroll            |       |       |       |     3 ||     3
 Stab: Held in net/web   |       |     1 |     2 |     1 ||     4
  Eat: Chunk             |       |     4 |    15 |     7 ||    26
       Ration            |       |       |     1 |       ||     1
Armor: Leather armour    |    10 |       |       |       ||    10
       Ring mail         |    35 |    56 |   231 |    32 ||   354
Dodge: Dodged            |    80 |    89 |   244 |    40 ||   453
Block: Buckler           |       |       |     5 |    13 ||    18
       Rpst.: Long sword |    33 |    26 |    62 |       ||   121
       Falchion          |       |       |     4 |    10 ||    14
